 Dungeon Crawl Stone Soup version 0.27-a0-1180-g7fc4abc71e (webtiles) character file.

Game seed: 10957053535521200794

18 Froggeryz the Chopper (level 2, -3/24 HPs)
             Began as a Demonspawn Chaos Knight on May 17, 2021.
             Was a Plaything of Xom.
             Slain by a raiju (shapeshifter) (7 damage)
             ... on level 2 of the Dungeon.
             The game lasted 00:01:05 (1377 turns).

Froggeryz the Chopper (Demonspawn Chaos Knight)     Turns: 1377, Time: 00:01:05

Health: -3/24      AC:  5    Str: 12    XL:     2   Next: 48%
Magic:  2/2        EV: 15    Int: 13    God:    Xom [..*...]
Gold:   40         SH:  0    Dex: 12    Spells: 1/1 levels left

rFire    . . .     SeeInvis .   a - +0 hand axe (chaos)
rCold    . . .     Faith    .   (no shield)
rNeg     . . .     Spirit   .   b - +2 leather armour
rPois    .         Reflect  .   (helmet restricted)
rElec    .         Harm     .   (no cloak)
rCorr    .         Rampage  .   (no gloves)
Will     .....                  (no boots)
Stlth    +.........             (no amulet)
HPRegen  0.08/turn              h - +4 ring of evasion
MPRegen  0.08/turn              (no ring)

@: no status effects
A: horns 1
a: Renounce Religion


You were on level 2 of the Dungeon.
You worshipped Xom.
You were a toy of Xom.
You visited 1 branch of the dungeon, and saw 2 of its levels.

You collected 40 gold pieces.

Inventory:

Hand Weapons
 a - a +0 hand axe of chaos (weapon)
Armour
 b - a +2 leather armour (worn)
Jewellery
 h - a +4 ring of evasion (left hand)
Scrolls
 d - a scroll of enchant armour
 i - a scroll of fear
Potions
 c - 2 potions of heal wounds {unknown}
 e - 2 potions of berserk rage {unknown}
 f - 3 potions of attraction
 g - a potion of flight {unknown}


   Skills:
 - Level 3.0 Fighting
 * Level 3.5 Axes
 - Level 1.7 Armour
 - Level 0.8 Dodging


You had one spell level left.
You didn't know any spells.
Your spell library was empty.

Dungeon Overview and Level Annotations

Branches:
Dungeon (2/15)

Altars:
Kikubaaqudgha


Innate Abilities, Weirdness & Mutations

You have a pair of small horns on your head.


Message History

You continue taking off your +0 ring mail. x4
You finish taking off your +0 ring mail.
You start putting on your armour.
You continue putting on your +2 leather armour. x5
You finish putting on your +2 leather armour.
Unknown command.
You drop a +0 ring mail.
h - a +4 ring of evasion (left hand)
Found a mace.
A bat comes into view.
A bat is nearby!
The bat closely misses you.
Found a shiny helmet.
You closely miss the bat. The bat hits you but does no damage.
The bat completely misses you. The bat barely misses you.
You hit the bat. You freeze the bat.
You kill the bat!
No target in view!
No target in view!
No target in view!
No target in view!
A rat comes into view.
Found a stone staircase leading down.
You see here 2 gold pieces.
A rat is nearby!
A rat is nearby!
The rat barely misses you.
You closely miss the rat. The rat misses you.
You barely miss the rat. The rat misses you.
You hit the rat but do no damage.
The rat changes into a shapeshifter!
Your headbutt misses the shapeshifter.
The shapeshifter changes into a raiju!
You closely miss the raiju. You barely miss the raiju.
The raiju bites you but does no damage. The raiju bites you.
The raiju shocks you!
You closely miss the raiju. The raiju closely misses you.
You barely miss the raiju. Your headbutt misses the raiju. The raiju bites you!
* * * LOW HITPOINT WARNING * * *
The raiju shocks you!
You die...
Xom chortles!

..[. ............#
####..###.)###....##
#......##..###.#...# #
#..............#...# #
#..#.#.#.#######...# #
#..$#.# #...# # #..##..#.#
#...# ## #.........# #...#
#. ........#@# #...#####.
..##.#.##.h............^..
> #... #.................
#.#. #.................
#.#. #..######...#####. .
.. ...# . #. # ##.# ## ..
# #


You could see a raiju shaped shifter.

Vanquished Creatures
  A dart slug (D:2)
  3 endoplasms
  2 goblins (D:1)
  A hobgoblin (D:1)
  A quokka (D:1)
  3 bats
  2 frilled lizards (D:1)
  A kobold (D:1)
  2 rats (D:1)
16 creatures vanquished.

Notes
Turn   | Place    | Note
-------+----------+-------------------------------------------
     0 | D:1      | Froggeryz the Demonspawn Chaos Knight began the quest for
                  | the Orb.
     0 | D:1      | Reached XP level 1. HP: 18/18 MP: 1/1
   207 | D:1      | XOM: silly message
   502 | D:1      | XOM: divination: magic mapping
   539 | D:1      | Gained mutation: You have a pair of small horns on your
                  | head. [demonic ancestry]
   539 | D:1      | Reached XP level 2. HP: 22/24 MP: 2/2
  1158 | D:1      | Found an ancient bone altar of Kikubaaqudgha.
  1247 | D:2      | XOM: 2-stop teleportation journey
  1373 | D:2      | Noticed a shapeshifter
  1373 | D:2      | a rat changed into a shapeshifter
  1373 | D:2      | Noticed a raiju
  1373 | D:2      | a shapeshifter changed into a raiju
  1377 | D:2      | Slain by a raiju (shapeshifter)

Illustrated notes

Levels and vault maps discovered:
D:1:      lemuel_arrival_tunnels, layout_basic, kennysheep_flooded_box,
          item_on_display_a
D:2:      layout_loops_cross, serial_shops, nicolae_shop_waterfront

Skill      XL: |  1 |
---------------+----+-----
Axes           | 3 |  3.5
Fighting       | |  3.0
Armour         | |  1.7
Dodging        | |  0.8

Action                   || total
-------------------------++-------
Melee: Hand axe          ||    53
       Headbutt          ||     4
  Use: Scroll            ||     4
 Stab: Paralysed         ||     1
Armor: Leather armour    ||    17
Dodge: Dodged            ||    44

Table legend: (Time is in decaauts)
 A = Elapsed time spent in this place.
 B = Non-inter-level travel time spent in this place.
 C = Inter-level travel time spent in this place.
 D = Time resting spent in this place.
 E = Time spent auto-exploring this place.
 F = Levels seen in this place.
 G = Mean time per level.
                   A        B        C        D        E       F      G
               +--------+--------+--------+--------+--------+-----+--------+
         Total |   1383 |   1377 |      6 |      0 |   1201 |   2 |  691.5 |
       Dungeon |   1383 |   1377 |      6 |      0 |   1201 |   2 |  691.5 |
               +--------+--------+--------+--------+--------+-----+--------+

Top non-repeatable levels by time:
     D:1: 1192 daAuts
     D:2: 190 daAuts
